 Dungeon Crawl Stone Soup version 0.30.1-4-g462c640d31 (webtiles) character file.

Game seed: 16976569060313641304

144 Descartes the Shield-Bearer (level 5, -3/28 HPs)
             Began as a Vine Stalker Fighter on Aug 16, 2023.
             Slain by a gnoll
             ... wielding a +0 halberd
              (6 damage)
             ... on level 3 of the Dungeon.
             The game lasted 00:02:28 (1541 turns).

Descartes the Shield-Bearer (Vine Stalker Fighter)  Turns: 1541, Time: 00:02:29

Health: -3/28      AC:  6    Str: 20    XL:     5   Next: 26%
Magic:  0/8        EV:  9    Int:  8    God:
Gold:   96         SH:  5    Dex: 14    Spells: 7/7 levels left

rFire   . . .        r - +2 war axe (freeze)
rCold   . . .        c - +0 buckler
rNeg    . . .        b - +0 scale mail
rPois   .            (no helmet)
rElec   .            (no cloak)
rCorr   .            (no gloves)
SInv    .            (no boots)
Will    .....        (no amulet) Stlth
                     (no ring)
HPRegen 1.04/turn    (no ring)
MPRegen 0.11/turn

%: guardian spirit
@: slowed, very slow
A: fangs 2, regeneration 1, magic shield, antimagic bite, no potion heal 2
a: no special abilities


You were on level 3 of the Dungeon.
You visited 1 branch of the dungeon, and saw 3 of its levels.

You collected 96 gold pieces.

Inventory:

Hand Weapons
 r - a +2 war axe of freezing (weapon)
Missiles
 k - 5 javelins (quivered)
 l - 4 poisoned darts
Armour
 b - a +0 scale mail (worn)
 c - a +0 buckler (worn)
Scrolls
 f - a scroll of noise {unknown}
 g - 2 scrolls of teleportation {unknown}
 h - a scroll of blinking {unknown}
 i - a scroll of enchant armour {unknown}
 n - 3 scrolls of identify {unknown}
 p - a scroll of brand weapon {unknown}
 q - a scroll of fog {unknown}
Potions
 d - a potion of might
 e - a potion of curing {unknown}
 j - a potion of berserk rage {unknown}
 m - 2 potions of brilliance {unknown}
 o - a potion of cancellation


   Skills:
 + Level 3.2 Fighting
 + Level 2.4 Axes
 + Level 2.8 Armour
 + Level 3.3 Shields
 + Level 1.6 Spellcasting
 + Level 1.5 Evocations


You had 7 spell levels left.
You didn't know any spells.
Your spell library contained the following spells:

 Spells                   Type           Power      Damage    Failure   Level
 Summon Small Mammal      Summ           0%         N/A       80%         1
 Poisonous Vapours        Pois/Air       0%         N/A       90%         2
 Call Canine Familiar     Summ           0%         N/A       99%         3
 Mephitic Cloud           Conj/Pois/Air  0%         N/A       99%         3
 Summon Guardian Golem    Hex/Summ       0%         N/A       99%         3
 Freezing Cloud           Conj/Ice/Air   0%         6-21      100%        5
 Summon Forest            Summ/Tloc      0%         N/A       100%        5
 Eringya's Noxious Bog    Tmut/Pois      0%         N/A       100%        6
 Summon Hydra             Summ           0%         N/A       100%        7


Dungeon Overview and Level Annotations

Branches:
Dungeon (3/15)

Altars:


Innate Abilities, Weirdness & Mutations

You have extremely sharp teeth.
Your natural rate of healing is unusually fast.
When hurt, damage is shared between your health and your magic reserves.
Your bite disrupts and absorbs the magic of your enemies.
Potions cannot restore your health.


Message History

Natasha stares at you and mumbles some strange words.
You feel yourself slow down.
You hit the gnoll. You freeze the gnoll.
The gnoll is severely wounded.
You hit Natasha. You freeze Natasha.
You kill Natasha!
Natasha growls in agony!
The cerulean imp disappears in a puff of smoke!
A nearby plant withers and dies.
The gnoll hits you from afar with a +0 halberd.
The gnoll misses you. The gnoll barely misses you. x2
You have reached level 5!
You barely miss the gnoll. You slash the gnoll! You freeze the gnoll.
You kill the gnoll!
You block the gnoll's attack. The gnoll barely misses you. x2
An orc comes into view. It is wielding a +0 mace.
The gnoll hits you with a +0 flail. The gnoll barely misses you.
The gnoll hits you with a +0 flail.
Unknown command.
You closely miss the gnoll. You bite the gnoll. You drain its power.
You feel invigorated.
The gnoll is lightly wounded.
You hit the orc. You freeze the orc. The gnoll barely misses you. x2
The orc splashes around in the water.
The gnoll barely misses you. The gnoll hits you with a +0 flail.
You slash the orc! You freeze the orc.
You kill the orc!
You hear a splash. x2
You barely miss the gnoll.
An adder comes into view.
The gnoll hits you from afar with a +0 halberd.
The gnoll hits you with a +0 flail!
The gnoll hits you from afar with a +0 halberd.
* * * LOW HITPOINT WARNING * * *
The gnoll hits you with a +0 flail!
* * * LOW HITPOINT WARNING * * *
You slash the gnoll! You freeze the gnoll.
You kill the gnoll!
The gnoll hits you from afar with a +0 halberd.
You die...

♣♣♣.##.######...#
♣!P.##..........##
♣♣♣.##.######.....
♣.♣....# ##...#
♣..P♣...### ###..
♣..P♣♣♣P♣.## ##.
P.♣♣ ♣♣§..# #.##.
PP..♣♣♣♣§§..#
#.... ♣....)@♣♣..#
####.
...S.g)♣§♣#§... #.
♣..♣♣♣♣ ♣P#.###.#
#. . .#.# #. #.#
#. .. ####. .#
#.... #[.<. #####


You could see a gnoll and an adder.

Vanquished Creatures
  Jessica (D:2)
  Natasha (D:3)
  An adder (D:2)
  3 gnolls (D:3)
  A worm (D:2)
  A dart slug (D:1)
  2 orcs (D:3)
  6 ball pythons
  6 bats
  3 endoplasms
  2 giant cockroaches
  7 goblins
  5 hobgoblins
  3 jackals (D:1)
  3 quokkas
  4 frilled lizards
  3 kobolds
  7 rats
59 creatures vanquished.

Notes
Turn   | Place    | Note
-------+----------+-------------------------------------------
     0 | D:1      | Descartes the Vine Stalker Fighter began the quest for the
                  | Orb.
     0 | D:1      | Reached XP level 1. HP: 11/11 MP: 2/2
   223 | D:1      | Reached XP level 2. HP: 16/16 MP: 1/3
   377 | D:1      | Reached XP level 3. HP: 19/19 MP: 3/5
   508 | D:1      | Found a faded altar of an unknown god.
   508 | D:1      | Noticed an orange demon
   781 | D:1      | Reached skill level 1 in Evocations
  1095 | D:2      | HP: 1/20 [adder (2)]
  1097 | D:2      | Reached skill level 1 in Spellcasting
  1104 | D:2      | Gained mutation: Your natural rate of healing is unusually
                  | fast. [Vine Stalker growth]
  1104 | D:2      | Reached XP level 4. HP: 3/24 MP: 3/6
  1149 | D:2      | Noticed Jessica
  1156 | D:2      | Killed Jessica
  1264 | D:2      | Identified the +1 quarterstaff "Seufrir" {protect, rN+
                  | Str+2}
  1530 | D:3      | Noticed Natasha
  1537 | D:3      | Killed Natasha
  1538 | D:3      | Reached XP level 5. HP: 23/28 MP: 5/8
  1540 | D:3      | HP: 1/28 [gnoll/+0 flail (6)]
  1541 | D:3      | Slain by a gnoll

Illustrated notes

Levels and vault maps discovered:
D:1:      minmay_arrival_five_plusses, layout_loops_corners,
          dreamdust_ecumenical_altar_sealed_demon, minmay_pentomino_r4
D:2:      layout_rooms, minmay_misc_feat_rows, uniq_jessica
D:3:      wad_woods_stonehenge, layout_loops_ring,
          chequers_hall_statues_corner_a, lightli_corner_chamber, uniq_natasha,
          uniq_robin

Skill      XL: |  1  2  3 |
---------------+----------+-----
Axes           | 2 |  2.4
Evocations     | 1 |  1.5
Fighting       | 3 |  3.2
Shields        | 3 |  3.3
Spellcasting   | 1 |  1.6
Armour         | |  2.8

Action                     |  1- 3 |  4- 6 || total
---------------------------+-------+-------++-------
  Melee: War axe           |   103 |    29 ||   132
         Bite              |    14 |    11 ||    25
    Use: Potion            |     1 |       ||     1
 Armour: Scale mail        |    39 |    11 ||    50
  Dodge: Dodged            |    68 |    16 ||    84
  Block: Buckler           |    17 |     8 ||    25
